 Dungeon Sprint DCSS version 0.27.0-1-g7a089689b8 (webtiles) character file.

Game seed: 4571269584680767869

931 xpp the Nimble (level 7, -9/72 HPs)
             Began as a Purple Draconian Berserker on July 31, 2021.
             Was a Priest of Trog.
             Mangled by a boulder beetle (13 damage)
             ... in the Dungeon (Sprint II: "The Violet Keep of Menkaure").
             The game lasted 00:09:23 (1115 turns).

xpp the Nimble (Purple Draconian Berserker)         Turns: 1115, Time: 00:09:24

Health: -9/72      AC:  8    Str: 21    XL:     7   Next: 86%
Magic:  7/7        EV: 13    Int:  7    God:    Trog [***...]
Gold:   109        SH:  9    Dex: 11    Spells: 6/6 levels left

rFire    + . .     SeeInvis +   a - +0 falchion
rCold    + . .     Faith    .   b - +2 kite shield {rC+ rF+}
rNeg     . . .     Spirit   .   (armour unavailable)
rPois    .         Reflect  .   (helmet restricted)
rElec    .         Harm     .   (no cloak)
rCorr    .         Rampage  .   (no gloves)
Will     +....     NoTele   +   c - +1 pair of boots
Stlth    +.........             (no amulet)
HPRegen  0.22/turn              j - ring of see invisible
MPRegen  0.10/turn              (no ring)

@: short of breath, on berserk cooldown, slowed, very slow
A: breathe power, AC +6, unfitting armour, cold-blooded
a: Breathe Dispelling Energy, Renounce Religion, Berserk, Trog's Hand


You were in the Dungeon.
You worshipped Trog.
Trog was most pleased with you.
You visited 1 branch You collected 729 gold pieces.
You spent 620 gold pieces at shops.

Inventory:

Hand Weapons
 a - a +0 falchion (weapon)
Armour
 b - a +2 kite shield of resistance (worn)
 c - a +1 pair of boots (worn)
Jewellery
 j - a ring of see invisible (left hand)
Potions
 d - a potion of haste
 e - 2 potions of magic
 f - a potion of berserk rage
 h - a potion of curing


   Skills:
 + Level 10.0 Fighting
 + Level 9.9 Long Blades
 * Level 10.9 Dodging


You had 6 spell levels left.
You didn't know any spells.
Your spell library was empty.

Dungeon Overview and Level Annotations

Branches:
Dungeon (1/1)

Altars:

Shops:
D [(::[?[((=*=!![

Annotations:
D exclusion: oklob plant


Innate Abilities, Weirdness & Mutations

You can breathe bolts of dispelling energy.
Your rich purple scales are hard. (AC +6)
You cannot fit into any form of body armour.
You are cold-blooded and may be slowed by cold attacks.


Message History

You hit the boulder beetle but do no damage.
The boulder beetle is moderately wounded.
The boulder beetle bites you!
You hit the boulder beetle.
You tail-slap the boulder beetle, but do no damage.
The boulder beetle is moderately wounded.
You hit the boulder beetle but do no damage.
The boulder beetle is moderately wounded.
The boulder beetle bites you but does no damage.
You hit the boulder beetle but do no damage.
The boulder beetle is moderately wounded.
You are no longer berserk.
You are exhausted.
You feel yourself slow down.
The boulder beetle leaps!
You see here 243 gold pieces.
You feel the effects of Trog's Hand fading.
You see here 243 gold pieces.
There's a creature in the doorway!
Press: ? - help, Shift-Dir - straight line, f - boulder beetle
Aim: a boulder beetle (moderately wounded)
You breathe a bolt of dispelling energy.
The bolt of dispelling energy hits the boulder beetle but does no damage.
The boulder beetle is moderately wounded.
The boulder beetle bites you!!
* * * LOW HITPOINT WARNING * * *
You feel much better. The boulder beetle bites you!!
The boulder beetle closely misses you.
Your skin stops crawling.
You feel less strong-willed.
You hit the boulder beetle but do no damage.
The boulder beetle is moderately wounded.
The boulder beetle misses you. The boulder beetle bites you!!
* * * LOW HITPOINT WARNING * * *
Blink to where?
Press: ? - help, Dir - move target, p - boulder beetle
As you read the scroll of blinking, it crumbles to dust.
The boulder beetle curls into a ball and begins rolling!
There is an open door, spattered with blood here.
There's a creature in the doorway!
The boulder beetle hits you!
You die...

##≈≈≈≈≈°○°°# ≈## ≈≈≈≈≈°#
######≈≈#+++#+++##
#####≈≈≈.........#
...∩#≈≈≈≈.##'##..#
..∩.#≈≈≈≈##...##.####
.∩.∩#≈≈≈≈#..#..#....#
∩.∩.#≈≈####.).####..##
....#≈##.###'###@##..#
∩...#≈#..$##.##B#.#..#
....'≈+###'°°°○###+..###
....#≈#...##.##.#.#....###.
▓▓###≈##.# #'###.##......≈≈
#####≈≈#####..####≈≈...§§≈#
h ##≈≈≈#.##..#≈≈≈§§§≈..≈#
h. #'#≈##.#.##≈≈§≈≈≈≈≈.≈#
?## #)#≈≈##'##≈≈≈§≈§§≈≈≈≈#


You could see a boulder beetle (rolling).

Vanquished Creatures
  A merfolk siren (D)
  A blink frog (D)
  2 wyverns (D)
  Menkaure (D)
  3 worms (D)
8 creatures vanquished.

Vanquished Creatures (others)
  A water moccasin (D)
1 creature vanquished.

Grand Total: 9 creatures vanquished

Notes
Turn   | Place    | Note
-------+----------+-------------------------------------------
     0 | D        | xpp the Draconian Berserker began the quest for the Orb.
     0 | D        | Reached XP level 1. HP: 19/19 MP: 1/1
     1 | D        | Noticed a boulder beetle
     1 | D        | Noticed a boulder beetle
     4 | D        | Noticed a merfolk siren
    49 | D        | Killed a merfolk siren
    50 | D        | Reached XP level 2. HP: 6/35 MP: 2/2
    50 | D        | Reached XP level 3. HP: 7/40 MP: 3/3
    50 | D        | Reached XP level 4. HP: 8/48 MP: 4/4
    50 | D        | Reached XP level 5. HP: 9/53 MP: 5/5
    50 | D        | Reached XP level 6. HP: 10/61 MP: 6/6
   124 | D        | Killed a water moccasin
   314 | D        | Noticed a wyvern
   314 | D        | Noticed a wyvern
   319 | D        | Killed a wyvern
   319 | D        | Reached ** piety under Trog
   324 | D        | Killed a wyvern
   325 | D        | Reached skill level 10 in Dodging
   325 | D        | Your scales start taking on a rich purple colour.
   325 | D        | Reached XP level 7. HP: 66/70 MP: 7/7
   508 | D        | Noticed a flying skull
   508 | D        | Noticed a flying skull
   508 | D        | Noticed a flying skull
   508 | D        | Noticed a flying skull
   508 | D        | Noticed a flying skull
   508 | D        | Noticed a flying skull
   509 | D        | Noticed a flying skull
   509 | D        | Noticed a flying skull
   509 | D        | Noticed a flying skull
   510 | D        | Noticed a flying skull
   511 | D        | Noticed a flying skull
   512 | D        | Reached *** piety under Trog
   515 | D        | Noticed a flying skull
   532 | D        | Noticed an ice statue
   534 | D        | Noticed Menkaure
   543 | D        | Killed Menkaure
   565 | D        | Found Laploc's Jewellery Emporium.
   565 | D        | Found Qavaidij's Antique Weapon Shoppe.
   566 | D        | Found Rywi's Antique Weapon Shoppe.
   566 | D        | Found Tot Udink's Distillery.
   585 | D        | Found Viumodd's Antique Armour Emporium.
   585 | D        | Found Kupeumir's General Store.
   586 | D        | Found Ygu Sao's Antique Armour Shoppe.
   586 | D        | Found Jaaw's Magic Scroll Emporium.
   586 | D        | Found Esequlaj's Jewellery Shoppe.
   586 | D        | Noticed a wyvern
   587 | D        | Found Qyupugh's Distillery.
   589 | D        | Noticed a wyvern
   590 | D        | Noticed a wyvern
   597 | D        | Noticed a blink frog
   616 | D        | Killed a blink frog
   617 | D        | Reached skill level 10 in Fighting
   672 | D        | Found Tossubre's Armour Emporium.
   672 | D        | Found Vysubebb's Book Shoppe.
   672 | D        | Noticed an oklob plant
   673 | D        | Found Hon Temm's Weapon Shoppe.
   673 | D        | Found Himeuxok's Antique Armour Emporium.
   673 | D        | Found Ekhlir's Book Shoppe.
   673 | D        | Noticed a fire dragon
   684 | D        | Bought a glowing kite shield for 217 gold pieces
   693 | D        | Bought a pair of embroidered boots for 165 gold pieces
   707 | D        | Bought a potion of curing for 33 gold pieces
   707 | D        | Bought a potion of heal wounds for 55 gold pieces
   711 | D        | Bought a ring of see invisible for 150 gold pieces
  1111 | D        | HP: 3/72 [boulder beetle (26)]
  1115 | D        | Mangled by a boulder beetle

Illustrated notes

Levels and vault maps discovered:
D:        the_violet_keep_of_menkaure [sprint2_stairs_cluster_1,
          sprint2_shoproom, sprint2_temple, sprint2_basic_supplies,
          sprint2_obstacle_1, sprint2_obstacle_3, sprint2_obstacle_2,
          sprint2_obstacle_5, sprint2_obstacle_7, sprint2_timed_cluster_1,
          sprint2_smallroom_cluster_1, sprint2_smallroom_final_cluster_1,
          sprint2_transparent_cluster_1, sprint2_second_timed_cluster_1,
          sprint2_sniper_area_1, sprint2_heavy_combat_area_1,
          sprint2_mutation_trap_area_1, sprint2_forest_area_1,
          sprint2_light_combat_area_1, sprint2_behind_water_1,
          sprint2_near_end_vault_1]

Skill      XL: |  1  2  3  4  5  6  7 |
---------------+----------------------+-----
Fighting       | 7 9 10 | 10.0
Long Blades    | 7 9 |  9.9
Dodging        | 8 10 | 10.9

Action                   |  1- 3 |  4- 6 |  7- 9 || total
-------------------------+-------+-------+-------++-------
Melee: Falchion          |    40 |     8 |    59 ||   107
       Tailslap          |     6 |     3 |    14 ||    23
Invok: Berserk           |       |     1 |     6 ||     7
       Trog's Hand       |       |       |     4 ||     4
 Abil: Breathe Dispellin |       |       |     1 ||     1
  Use: Potion            |     2 |       |     1 ||     3
       Scroll            |       |       |     1 ||     1
Armor: Skin              |       |       |     4 ||     4
Dodge: Dodged            |     4 |     4 |    23 ||    31
Block: Kite shield       |       |       |     6 ||     6
       Rpst.: Falchion   |     1 |     2 |     2 ||     5
